AoeStats
← Tzichi

Hill Fort

506739466Analyzed
4v4 RM · 18d ago on Sep 14, 2026· 98m 59s· 8 players
Game mode
Random Map
Map size
Large (8 player)
Population
200
Speed
Normal
Resources
Standard
Victory
Conquest
Starting age
Dark Age
Ending age
Imperial Age
RankedLock teamsTeams togetherTeam positionsShared explorationLock speedFull tech treeHidden civsTurbo modeCheats
Victory
Defeat
🇬🇧 Slavs · United Kingdom
1373
+14
🇲🇽 Tupi · Mexico
1363
+14
🇨🇴 Bohemians · Colombia
1348
+15
🇨🇴 Vikings · Colombia
1220
+21
🇦🇷 Bengalis · Argentina
1404
-19
🇦🇷 Georgians · Argentina
1316
-16
🇬🇧 Magyars · United Kingdom
1311
-15
🇸🇪 Saracens · Sweden
1276
-14
OM | Romeo D. Sins
9:35 Feudal Age
10:01 Loom
14:16 Castle Age
13:49 Double-Bit Axe
14:11 Horse Collar
15:37 Fletching
21:05 Bodkin Arrow
24:03 Padded Archer Armor
30:42 Leather Archer Armor
35:01 Ballistics
36:31 Wheelbarrow
35:41 Town Watch
36:15 Bow Saw
36:14 Heavy Plow
36:37 Gold Mining
36:37 Stone Mining
36:49 Town Patrol
41:15 Imperial Age
38:57 Treadmill Crane
40:06 Gold Shaft Mining
40:35 Hand Cart
40:54 Scale Mail Armor
41:04 Forging
41:59 Bracer
42:29 Ring Archer Armor
43:02 Chemistry
41:24 Elite Blackwood Archer
42:26 Conscription
42:46 Curare
43:12 Chain Mail Armor
42:59 Squires
42:46 Arson
42:34 Pikeman
44:21 Iron Casting
45:11 Plate Mail Armor
45:11 Halberdier
46:34 Caravan
52:23 Champi Runner
53:10 Caciques
56:02 Champi Warrior
59:33 Two-Man Saw
58:13 Elite Champi Warrior
70:56 Hoardings
70:19 Murder Holes
70:14 Elite Ibirapema Warrior
78:19 Coinage
81:41 Banking
84:23 Sappers
88:55 Elite Skirmisher
88:57 Crossbowman
Logan
10:45 Feudal Age
13:31 Wheelbarrow
14:35 Loom
18:16 Castle Age
23:07 Double-Bit Axe
24:39 Bow Saw
24:16 Horse Collar
27:43 Wagenburg Tactics
36:41 Imperial Age
36:44 Capped Ram
37:23 Elite Hussite Wagon
47:43 Pikeman
48:24 Squires
50:00 Halberdier
50:42 Scale Mail Armor
50:53 Forging
51:50 Chain Mail Armor
58:12 Plate Mail Armor
58:18 Iron Casting
70:00 Blast Furnace
71:38 Arson
80:07 Hand Cart
Tzichi
10:18 Feudal Age
11:49 Horse Collar
12:19 Double-Bit Axe
16:52 Castle Age
15:55 Forging
16:20 Scale Barding Armor
17:06 Bloodlines
19:24 Loom
23:01 Chain Barding Armor
23:27 Town Watch
24:14 Husbandry
25:12 Bow Saw
27:26 Wheelbarrow
26:32 Light Cavalry
31:25 Iron Casting
33:02 Sanctity
33:50 Hand Cart
33:35 Town Patrol
33:43 Gold Mining
39:04 Scale Mail Armor
38:55 Fletching
39:10 Squires
39:47 Detinets
39:58 Heavy Plow
40:48 Padded Archer Armor
45:33 Imperial Age
42:36 Pikeman
43:40 Chain Mail Armor
43:37 Stone Mining
44:58 Bodkin Arrow
45:43 Cavalier
47:20 Plate Barding Armor
47:57 Plate Mail Armor
48:28 Blast Furnace
49:08 Two-Man Saw
48:26 Druzhina
47:51 Man-at-Arms
48:06 Capped Ram
49:26 Conscription
49:27 Leather Archer Armor
49:04 Halberdier
49:41 Long Swordsman
50:14 Two-Handed Swordsman
51:10 Champion
54:13 Hoardings
53:08 Hussar
54:03 Elite Skirmisher
56:33 Caravan
61:59 Heavy Scorpion
62:58 Siege Engineers
63:29 Crop Rotation
64:11 Chemistry
63:40 Ballistics
63:31 Masonry
64:40 Siege Ram
70:14 Murder Holes
71:00 Ring Archer Armor
Urahara
7:56 Loom
11:40 Feudal Age
14:47 Double-Bit Axe
16:12 Horse Collar
21:10 Castle Age
20:06 Stone Mining
20:09 Gold Mining
22:38 Bow Saw
27:52 Heavy Plow
30:28 Squires
30:14 Arson
30:42 Pikeman
32:43 Forging
32:33 Scale Mail Armor
34:06 Iron Casting
33:31 Scale Mail Armor
38:10 Imperial Age
38:15 Elite Berserk
38:28 Heavy Scorpion
39:45 Conscription
38:56 Capped Ram
39:59 Siege Engineers
40:56 Chemistry
39:46 Onager
40:14 Siege Ram
42:13 Chieftains
43:35 Two-Man Saw
43:40 Chain Mail Armor
44:25 Blast Furnace
45:01 Ballistics
46:13 Plate Mail Armor
50:00 Elite Skirmisher
51:23 Fletching
51:33 Padded Archer Armor
54:33 Bodkin Arrow
54:53 Leather Archer Armor
56:40 Crop Rotation
56:43 Bracer
57:13 Ring Archer Armor
78:38 Coinage
78:08 Caravan
83:54 Man-at-Arms
85:17 Banking
87:21 Scale Barding Armor
96:52 Town Watch
scarabe
10:43 Feudal Age
9:51 Loom
15:50 Castle Age
15:04 Double-Bit Axe
15:42 Fletching
16:08 Horse Collar
17:28 Gold Mining
18:30 Crossbowman
23:59 Ballistics
24:46 Bodkin Arrow
26:03 Padded Archer Armor
26:55 Bow Saw
27:41 Leather Archer Armor
29:38 Guard Tower
46:55 Imperial Age
45:17 Caravan
46:58 Arbalester
48:42 Thumb Ring
51:14 Elite Skirmisher
54:22 Ring Archer Armor
53:52 Bracer
56:52 Conscription
59:05 Bracer
60:35 Murder Holes
63:48 Town Watch
64:39 Wheelbarrow
68:06 Hand Cart
69:35 Two-Man Saw
70:47 Chemistry
69:59 Masonry
94:21 Capped Ram
jeffarin_bobzos
11:05 Feudal Age
11:19 Loom
14:57 Castle Age
13:08 Horse Collar
13:35 Double-Bit Axe
15:56 Bow Saw
17:27 Heavy Plow
21:55 Stone Mining
23:15 Fletching
24:20 Wheelbarrow
24:33 Bodkin Arrow
25:51 Hand Cart
27:38 Gold Mining
28:43 Bloodlines
28:34 Husbandry
29:25 Ballistics
30:18 Thumb Ring
34:52 Imperial Age
32:08 Town Watch
33:09 Corvinian Army
33:14 Padded Archer Armor
33:20 Scale Barding Armor
34:56 Heavy Cavalry Archer
36:01 Parthian Tactics
35:42 Bracer
35:48 Recurve Bow
36:15 Conscription
37:05 Chemistry
37:07 Hoardings
37:13 Leather Archer Armor
38:13 Chain Barding Armor
39:31 Plate Barding Armor
39:27 Ring Archer Armor
39:37 Elite Magyar Huszar
42:35 Caravan
44:30 Two-Man Saw
44:33 Crop Rotation
45:02 Coinage
46:21 Banking
49:05 Gold Shaft Mining
48:48 Siege Engineers
75:49 Light Cavalry
82:09 Hussar
83:04 Capped Ram
I hate Arabia
5:09 Loom
11:27 Feudal Age
11:16 Loom
15:26 Castle Age
14:07 Double-Bit Axe
15:21 Horse Collar
21:54 Bow Saw
22:00 Town Watch
23:35 Wheelbarrow
25:43 Heavy Plow
26:02 Fletching
29:21 Imperial Age
27:28 Hand Cart
27:37 Hand Cart
27:52 Bodkin Arrow
27:57 Padded Archer Armor
29:22 Paiks
29:42 Leather Archer Armor
30:03 Devotion
31:05 Gold Mining
32:09 Conscription
31:10 Elite Elephant Archer
32:24 Ballistics
33:04 Chemistry
33:29 Two-Man Saw
34:31 Bracer
35:01 Ring Archer Armor
35:40 Ring Archer Armor
36:34 Scale Barding Armor
37:10 Forging
38:06 Chain Barding Armor
37:58 Bloodlines
37:48 Husbandry
37:09 Light Cavalry
37:55 Husbandry
40:57 Caravan
42:17 Plate Barding Armor
42:18 Iron Casting
42:21 Town Patrol
43:13 Masonry
43:31 Elite Skirmisher
44:55 Crop Rotation
44:20 Stone Mining
45:05 Gold Shaft Mining
47:16 Elite Battle Elephant
48:57 Blast Furnace
48:49 Mahayana
50:16 Guard Tower
50:32 Siege Engineers
50:08 Treadmill Crane
50:59 Architecture
53:43 Keep
53:04 Murder Holes
53:02 Arrowslits
59:15 Coinage
60:42 Banking
74:14 Elite Battle Elephant
Potu
8:11 Loom
10:35 Feudal Age
12:03 Loom
15:50 Castle Age
13:57 Double-Bit Axe
17:47 Bow Saw
21:37 Husbandry
23:02 Bloodlines
23:02 Scale Barding Armor
23:28 Fletching
27:09 Horse Collar
28:57 Wheelbarrow
33:29 Light Cavalry
35:20 Hand Cart
37:54 Imperial Age
36:11 Chain Barding Armor
37:21 Forging
37:13 Gold Mining
38:58 Iron Casting
38:35 Town Watch
39:27 Conscription
39:30 Heavy Plow
40:09 Plate Barding Armor
39:53 Cavalier
43:23 Blast Furnace
44:57 Bodkin Arrow
47:01 Crop Rotation
47:40 Svan Towers
47:48 Bracer
48:30 Ballistics
49:37 Hussar
51:32 Coinage
52:25 Chemistry
52:15 Guard Tower
52:11 Arrowslits
54:39 Elite Skirmisher
59:19 Padded Archer Armor
60:15 Leather Archer Armor
64:46 Keep
68:54 Parthian Tactics
69:07 Murder Holes
73:01 Aznauri Cavalry
73:21 Sappers
75:16 Heavy Cavalry Archer
84:51 Hoardings
Connection lost

Rejoining the realm…

Still unreachable

The connection could not be restored.

Session expired

The server has moved on; the page needs a fresh start.